 Dungeon Crawl Stone Soup version 0.24.0-123-gd5b16e6ec5 (webtiles) character file.

Game seed: 7530270290204218581, levelgen mode: deterministic

281494 mortelune the Warrior (level 20, -5/132 HPs)
             Began as a Gargoyle Fire Elementalist on Jan 25, 2020.
             Was the Champion of Vehumet.
             Slain by an ettin
             ... wielding a +0 dire flail
              (23 damage)
             ... while paralysed by a sphinx
             ... on level 2 of the Vaults.
             The game lasted 02:50:00 (62548 turns).

mortelune the Warrior (Gargoyle Fire Elementalist) Turns: 62548, Time: 02:50:00

Health: -5/132     AC: 40    Str: 14    XL:     20   Next: 91%
Magic:  35/38      EV:  2    Int: 23    God:    Vehumet [******]
Gold:   1076       SH:  0    Dex: 15    Spells: 10/47 levels left

rFire    . . .     SeeInvis .   Q - +1 morningstar (flame)
rCold    + . .     Gourm    .   z - +3 buckler
rNeg     + . .     Faith    .   C - +5 ring mail "Paungueh" {rPois Dex+4 Slay+5}
rPois    ∞         Spirit   .   g - +2 hat
rElec    +         Reflect  .   B - +5 cloak "Oxkel" {rPois}
rCorr    .         Harm     .   I - +0 pair of gloves of Qeolyiss {rElec rC+ Dex+3}
MR       ++...                  v - +1 pair of boots {run}
Stlth    +.........             X - amulet of regeneration
HPRegen  0.72/turn              x - +2 ring of slaying
MPRegen  0.26/turn              O - ring of protection from magic

@: paralysed, flying, quick
A: big wings, talons 1, blink, clumsy 1, negative energy resistance 1, screaming
1, electricity resistance, unbreathing, petrification resistance, rot immunity,
MP-powered wands, AC +15
}: 1/15 runes: gossamer
a: Stop Flying, Blink, Renounce Religion


You were on level 2 of the Vaults.
You worshipped Vehumet.
Vehumet was exalted by your worship.
You were not hungry.

You visited 7 branches of the dungeon, and saw 35 of its levels.
You visited the Abyss 1 time.
You also visited: Bailey and Wizlab.

You collected 3790 gold pieces.
You spent 2714 gold pieces at shops.

Inventory:

Hand Weapons
 Q - a +1 morningstar of flaming (weapon)
Missiles
 b - 1039 stones (quivered)
Armour
 g - a +2 hat (worn)
 v - a +1 pair of boots of running (worn)
 z - a +3 buckler (worn)
 B - the +5 cloak "Oxkel" (worn) {rPois}
   (You bought it in a shop on level 2 of the Orcish Mines)

   It protects you from poison.
 C - the +5 ring mail "Paungueh" (worn) {rPois Dex+4 Slay+5}
   (You found it on level 7 of the Dungeon)

   It affects your dexterity (+4).
   It affects your accuracy and damage with ranged weapons and melee attacks
   (+5).
   It protects you from poison.
 F - +0 fire dragon scales
 I - the +0 pair of gloves of Qeolyiss (worn) {rElec rC+ Dex+3}
   (You found it on level 9 of the Dungeon)

   It affects your dexterity (+3).
   It protects you from cold.
   It insulates you from electricity.
 L - a scarf of cloud immunity
Magical Staves
 h - an uncursed staff of energy
Jewellery
 i - an uncursed ring of see invisible
 x - a +2 ring of slaying (left hand)
 K - an uncursed ring of resist corrosion
 O - a ring of protection from magic (right hand)
 T - an uncursed ring of protection from cold
 W - an uncursed ring of protection from fire
 X - an amulet of regeneration (around neck)
Wands
 j - a wand of digging (14)
 m - a wand of acid (22)
 M - a wand of iceblast (19)
 N - a wand of clouds (16)
Scrolls
 a - 8 scrolls of remove curse
 e - 9 scrolls of amnesia
 f - 4 scrolls of fear
 l - 5 scrolls of enchant weapon
 n - 9 scrolls of teleportation
 q - 2 scrolls of torment
 r - 5 scrolls of silence
 s - 4 scrolls of magic mapping
 A - 8 scrolls of immolation
 D - 6 scrolls of enchant armour
 G - 9 scrolls of fog
 P - 2 scrolls of blinking
 Z - 5 scrolls of identify
Potions
 d - a potion of mutation
 o - 2 potions of cancellation
 p - 7 potions of brilliance
 t - 3 potions of magic
 u - 2 potions of heal wounds
 w - 3 potions of haste
 y - a potion of might
 E - 5 potions of lignification
 H - 9 potions of curing
 J - 5 potions of resistance
 R - 3 potions of ambrosia
 S - a potion of invisibility
 U - 2 potions of agility
 Y - 4 potions of berserk rage
Miscellaneous
 V - a phantom mirror
Comestibles
 c - 19 rations
 k - a chunk of flesh


   Skills:
 + Level 16.7 Fighting
 - Level 15.8(16.0) Maces & Flails
 - Level 4.1(11.3) Staves
 - Level 12.0 Armour
 + Level 7.3 Dodging
 - Level 2.1 Stealth
 - Level 4.0 Shields
 + Level 14.0 Spellcasting
 - Level 14.7 Conjurations
 * Level 16.1 Fire Magic


You had 10 spell levels left.
You knew the following spells:

 Your Spells              Type           Power        Failure   Level  Hunger
a - Flame Tongue          Conj/Fire      #####        0%          1    None
b - Throw Flame           Conj/Fire      ######       0%          2    None
c - Conjure Flame         Conj/Fire      ######..     1%          3    None
d - Sticky Flame          Conj/Fire      ######..     1%          4    None
e - Fireball              Conj/Fire      ######....   1%          5    ###....
f - Blink                 Tloc           N/A          10%         2    None
g - Sandblast             Erth           ###...       1%          1    None
h - Airstrike             Air            ###.......   16%         4    None
q - Ignition              Fire           ######....   16%         8    #######
s - Orb of Destruction    Conj           ######....   3%          7    ######.

Your spell library contained the following spells:

 Spells                   Type           Power        Failure   Level  Hunger
 Chain Lightning          Conj/Air       #####.....   99%         8    #######
 Shatter                  Erth           ###.......   100%        9    #######
 Tornado                  Air            ###.......   100%        9    #######
 Freeze                   Ice            ###.         1%          1    None
 Shock                    Conj/Air       ####         1%          1    None
 Throw Frost              Conj/Ice       #####.       1%          2    None
 Ignite Poison            Fire/Tmut/Pois #####...     1%          3    None
 Inner Flame              Hex/Fire       ######..     1%          3    None
 Static Discharge         Conj/Air       #####...     1%          3    None
 Throw Icicle             Conj/Ice       #####...     1%          4    None
 Bolt of Fire             Conj/Fire      ######....   1%          6    #####..
 Irradiate                Conj/Tmut      #####.....   2%          5    ###....
 Lightning Bolt           Conj/Air       #####.....   2%          5    ###....
 Animate Skeleton         Necr           N/A          6%          1    None
 Beastly Appendage        Tmut           ###...       6%          1    None
 Pain                     Necr           ###.         6%          1    None
 Ensorcelled Hibernation  Hex/Ice        ###...       10%         2    None
 Shroud of Golubria       Chrm/Tloc      ###...       10%         2    None
 Sticks to Snakes         Tmut           ###.....     10%         2    None
 Gell's Gravitas          Tloc           ###.......   19%         3    None
 Lesser Beckoning         Tloc           ###.......   19%         3    None
 Ozocubu's Armour         Chrm/Ice       ###.....     19%         3    None
 Regeneration             Chrm/Necr      ###.......   19%         3    None
 Spider Form              Tmut/Pois      ###.......   19%         3    None
 Teleport Other           Tloc           ###.....     19%         3    None
 Vampiric Draining        Necr           ###.......   19%         3    None
 Animate Dead             Necr           N/A          52%         4    None
 Ice Form                 Ice/Tmut       ###.....     52%         4    None
 Passage of Golubria      Tloc           N/A          52%         4    None
 Summon Ice Beast         Ice/Summ       ###.....     52%         4    None
 Blade Hands              Tmut           ###.......   86%         5    ###....
 Borgnjor's Vile Clutch   Necr/Erth      ###.......   86%         5    ###....
 Silence                  Hex/Air        ###.......   86%         5    ###....
 Ring of Flames           Chrm/Fire      ######....   89%         7    ######.
 Darkness                 Hex            ###.......   100%        6    #####..
 Hydra Form               Tmut           ###.......   100%        6    #####..
 Shadow Creatures         Summ           N/A          100%        6    #####..
 Dragon Form              Tmut           ###.......   100%        7    ######.
 Statue Form              Tmut/Erth      Unusable     N/A         6    N/A

Dungeon Overview and Level Annotations

Branches:
Dungeon (15/15)            Temple (1/1) D:5            Lair (6/6) D:9
 Shoals (4/4) Lair:4       Spider (4/4) Lair:2        Slime (0/5) Lair:5
    Orc (2/2) D:12            Elf (0/3) Orc:2        Vaults (3/5) D:14
 Depths (0/5) D:15         Bailey (visited)          WizLab (visited)
  Crypt: Vaults:2-3

Altars:
Ashenzari
Cheibriados
Dithmenos
Fedhas
Gozag
Kikubaaqudgha
Makhleb
Nemelex Xobeh
Okawaru
Qazlal
Ru
Trog
Vehumet
Wu Jian
Yredelemnul
Beogh
Jiyva

Shops:
D:9 [[:   D:15 **%=   Orc:2 *[[*   Vaults:1 (

Annotations:
D:6 dig
D:7 3 runed translucent doors, Sassenached's ghost, novice DsWn
Lair:4 1 runed translucent door, Ink5's ghost, journeyman GnWz
Shoals:1 1 runed translucent door, qdestroyer's ghost, journeyman MiFi
Orc:1 2 transporters, Paschim's ghost, journeyman MiBe
Vaults:1 3 runed translucent doors, hyesun's ghost, adept MfGl


Innate Abilities, Weirdness & Mutations

You are resistant to torment.
Your stone body is resilient. (AC +15)
You are immune to poison.
Your large and strong wings let you fly indefinitely.
You resist negative energy. (rN+)
You are resistant to electric shocks. (rElec)
You can survive without breathing.
You are immune to petrification.
You are immune to rotting.
You have sharp toenails.
You can translocate small distances at will.
You are clumsy. (Dex -2)
You occasionally shout uncontrollably at your foes.
You expend magic power (3 MP) to strengthen your wands.


Message History

The sphinx burns!
The sphinx mumbles some strange words.
You suddenly lose the ability to move!
The ettin hits you with a +0 dire flail.
The ettin hits you with a +1 dire flail of protection.
The sphinx burns!
You kill the sphinx!
Vehumet accepts your kill.
Your Spellcasting skill increases to level 14!
The ettin hits you but does no damage.
The ettin hits you with a +1 dire flail of protection!
The ettin hits you with a +0 dire flail!
* * * LOW HITPOINT WARNING * * *
The ettin hits you with a +1 dire flail of protection!
* * * LOW HITPOINT WARNING * * *
The ettin completely misses you. The ettin hits you but does no damage.
The ettin hits you with a +0 dire flail!
* * * LOW HITPOINT WARNING * * *
The ettin hits you with a +1 dire flail of protection!!
You die...

.......................#
.......................#
...........#########...#
...........#.......#...#
...........#.......#...#
...........#.......#...#
...........#.÷.....#...#
########...#...C)..'...#
.......#...#...†@..#(..#
.......#...#...)...#...#
.......#...#.......#...#
.......#..[#########...#
.......#..........[....#
.......#......[.....(..#
.......#......)...[.(..#
.......#...)....(......#
####'###.)........[....#


You could see an ettin.

Vanquished Creatures
  Bai Suzhen (Spider:3)
  Arachne (Spider:4)
  A Cloud Mage (WizLab)
  A sphinx (Vaults:2)
  A kraken (Shoals:1)
  Polyphemus (Shoals:3)
  A tengu reaver (D:13)
  Agnes (D:15)
  Kirke (D:11)
  Donald (Spider:4)
  Ilsuiw (Shoals:3)
  A deep elf sorcerer (Vaults:1)
  5 ghost moths
  Louise (Spider:4)
  9 emperor scorpions
  An orc warlord (D:12)
  4 vault wardens
  5 ironheart preservers
  6 entropy weavers
  A stone giant (Vaults:2)
  Nessos (D:15)
  A deep elf demonologist (Vaults:1)
  A lorocyproca (Abyss:2)
  3 deep elf annihilators (Vaults:1)
  8 spark wasps
  2 blizzard demons (WizLab)
  3 merfolk javelineers (Shoals:3)
  Snorg (Orc:1)
  An eidolon (Abyss:2)
  2 ettins (Vaults:2)
  5 ogre magi
  3 fire dragons (Vaults:1)
  3 yaktaur captains
  4 merfolk impalers
  Erolcha (D:13)
  5 vault guards
  An ice dragon (Vaults:1)
  A spriggan air mage (WizLab)
  A rakshasa (D:14)
  7 hydras
  An alligator snapping turtle (Shoals:3)
  8 centaur warriors
  5 catoblepae
  A death knight (D:13)
  A satyr (Shoals:3)
  6 ghost crabs (WizLab)
  A merfolk aquamancer (Shoals:3)
  10 death yaks
  A queen ant (Spider:3)
  21 two-headed ogres
  A deep troll earth mage (Vaults:1)
  A thrashing horror (Abyss:2)
  3 tengu warriors
  6 orc high priests
  3 deep elf knights
  A shock serpent (WizLab)
  A titan skeleton (Abyss:2)
  3 skeletal warriors
  A sea snake (shapeshifter) (Vaults:1)
  2 unseen horrors
  5 death drakes (WizLab)
  A glowing orange brain (Vaults:1)
  9 sea snakes
  A lindwurm (Lair:3)
  7 deep trolls
  4 wizards
  6 ironbrand convokers
  20 orc knights
  A harpy (shapeshifter) (Abyss:2)
  2 deep elf archers (Vaults:1)
  2 wolf spider zombies
  2 necromancers
  4 orc sorcerers
  11 manticores
  20 orb spiders
  12 ugly things
  16 harpies
  10 cyclopes
  10 deep elf magi
  9 fauns
  38 wolf spiders
  Joseph (D:8)
  A worldbinder (Abyss:2)
  4 black mambas
  7 centaur zombies
  7 merfolk sirens
  4 vault sentinels
  6 elephants (Lair:6)
  A stone giant skeleton (Vaults:1)
  2 apocalypse crabs (WizLab)
  Psyche (D:8)
  5 torpor snails
  5 spiny frogs
  A gargoyle (D:13)
  2 water nymphs (Shoals:1)
  2 smoke demons (Abyss:2)
  6 yaktaurs
  2 kobold demonologists
  A komodo dragon (shapeshifter) (D:13)
  2 freezing wraiths
  An ice devil (Abyss:2)
  12 demonic crawlers
  9 komodo dragons
  2 efreet
  3 trolls
  A queen bee (D:8)
  An ancient zyme (Abyss:2)
  39 jumping spiders
  19 merfolk
  Prince Ribbit (D:5)
  10 hornets
  A polar bear (Lair:5)
  6 wind drakes
  11 blink frogs
  12 hippogriffs
  19 dream sheep
  8 large abominations
  2 harpy skeletons (D:15)
  An ice dragon zombie (Abyss:2)
  3 slime creatures
  7 snapping turtles
  65 redbacks
  8 air elementals (WizLab)
  4 wraiths
  2 centaur simulacra
  6 fire bats (Lair:2)
  3 shadows
  4 vampires
  5 wyverns
  52 yaks
  24 tarantellas
  A hog (D:12)
  3 water elementals
  2 hungry ghosts
  2 steam dragons
  2 basilisks
  A neqoxec (Abyss:2)
  6 vampire mosquitoes
  Menkaure (D:5)
  5 soldier ants (Spider:3)
  2 wargs (Orc:2)
  2 acid dragons
  5 hell hounds (Abyss:2)
  14 water moccasins
  13 porcupines
  90 orc warriors
  An eye of draining (D:14)
  4 black bears
  2 hornet zombies
  An ice beast (D:11)
  4 phantoms
  5 sky beasts
  21 ogres
  A necrophage (D:6)
  9 boggarts
  19 wolves
  38 centaurs
  9 crocodiles
  18 bullfrogs
  3 human zombies (Vaults:1)
  A gnoll sergeant (D:13)
  A wyvern zombie (D:12)
  An elf simulacrum (Vaults:1)
  A water moccasin zombie (D:12)
  2 wyvern skeletons
  A water moccasin skeleton (D:11)
  7 scorpions
  14 wights
  24 killer bees
  3 electric eels
  3 howler monkeys
  4 jellies
  5 crimson imps
  A bullfrog zombie (D:5)
  A quasit (D:11)
  A bullfrog skeleton (D:12)
  31 orc wizards
  6 centaur skeletons
  44 orc priests
  6 hounds
  A gnoll shaman (D:8)
  3 iguanas
  16 worker ants
  A hound zombie (D:8)
  2 hound skeletons
  A howler monkey skeleton (D:9)
  14 gnolls
  14 adders
  3 shadow imps
  2 white imps
  2 ufetubi (Abyss:2)
  An ooze (D:3)
  3 adder zombies
  An adder skeleton (D:4)
  3 worms
  A dart slug (D:1)
  7 leopard geckos
  159 orcs
  7 ball pythons
  6 bats
  5 giant cockroaches
  27 goblins
  20 hobgoblins
  4 quokkas
  3 frilled lizards
  5 kobolds
  A leopard gecko zombie (D:5)
  A quokka zombie (D:6)
  6 rats
1526 creatures vanquished.

Vanquished Creatures (others)
  Asterion (Spider:1)
  A blizzard demon (WizLab)
  A redback (Spider:3)
  An air elemental (WizLab)
  2 humans (D:12)
  A centaur (D:12)
  A bullfrog skeleton (D:12)
  37 fungi
  A lurking horror (Abyss:2)
  31 plants
  9 tentacles (Shoals:1)
86 creatures vanquished.

Grand Total: 1612 creatures vanquished

Notes
Turn   | Place    | Note
-------+----------+-------------------------------------------
     0 | D:1      | mortelune the Gargoyle Fire Elementalist began the quest
                  | for the Orb.
     0 | D:1      | Reached XP level 1. HP: 10/10 MP: 3/3
   177 | D:1      | Reached XP level 2. HP: 15/15 MP: 1/5
   182 | D:1      | Learned a level 2 spell: Throw Flame
  1590 | D:1      | Reached XP level 3. HP: 15/19 MP: 0/6
  1595 | D:1      | Learned a level 3 spell: Conjure Flame
  1719 | D:2      | Found an opulent altar of Gozag.
  2224 | D:2      | Reached XP level 4. HP: 24/24 MP: 1/7
  3441 | D:3      | Reached XP level 5. HP: 28/28 MP: 5/8
  3768 | D:4      | Gained mutation: You are occasionally teleported next to
                  | monsters. [potion of mutation]
  3768 | D:4      | Gained mutation: You have large cloven feet. [potion of
                  | mutation]
  3768 | D:4      | Gained mutation: You are partially covered in icy blue
                  | scales. (AC +2) [potion of mutation]
  4023 | D:3      | Lost mutation: You have large cloven feet. [potion of
                  | mutation]
  4023 | D:3      | Lost mutation: You are occasionally teleported next to
                  | monsters. [potion of mutation]
  4023 | D:3      | Lost mutation: You are partially covered in icy blue
                  | scales. (AC +2) [potion of mutation]
  4023 | D:3      | Gained mutation: You have sharp toenails. [potion of
                  | mutation]
  4023 | D:3      | Gained mutation: You occasionally shout uncontrollably at
                  | your foes. [potion of mutation]
  4023 | D:3      | Gained mutation: You are partially covered in slimy green
                  | scales. (AC +2) [potion of mutation]
  4023 | D:3      | Gained mutation: You expend magic power (3 MP) to
                  | strengthen your wands. [potion of mutation]
  4218 | D:4      | Reached XP level 6. HP: 32/32 MP: 0/10
  4793 | D:4      | Reached skill level 5 in Fire Magic
  4887 | D:4      | Noticed a phantom
  5056 | D:4      | Reached XP level 7. HP: 36/36 MP: 0/12
  5264 | D:4      | Reached skill level 5 in Conjurations
  5557 | D:5      | Entered Level 5 of the Dungeon
  5557 | D:5      | Noticed Menkaure
  5590 | D:4      | Learned a level 4 spell: Sticky Flame
  5826 | D:5      | Killed Menkaure
  5963 | D:5      | Found a staircase to the Ecumenical Temple.
  6040 | D:5      | Noticed Prince Ribbit
  6042 | Temple   | Entered the Ecumenical Temple
  6135 | Temple   | Became a worshipper of Vehumet
  6303 | D:5      | Killed Prince Ribbit
  6303 | D:5      | Reached skill level 1 in Fighting
  6303 | D:5      | Reached XP level 8. HP: 22/43 MP: 4/14
  6534 | D:5      | Found a shattered altar of Ashenzari.
  6912 | D:6      | Learned a level 5 spell: Fireball
  8444 | D:3      | Reached XP level 9. HP: 49/49 MP: 1/16
  8447 | D:3      | Reached * piety under Vehumet
  8447 | D:3      | Offered knowledge of Magic Dart by Vehumet.
  8450 | D:3      | Learned a level 1 spell: Magic Dart
  9319 | D:6      | Reached skill level 5 in Spellcasting
 10079 | D:7      | Found a runed translucent gate.
 10085 | D:7      | Reached ** piety under Vehumet
 10085 | D:7      | Offered knowledge of Sandblast by Vehumet.
 10085 | D:7      | Reached skill level 1 in Shields
 10160 | D:7      | Learned a level 1 spell: Sandblast
 10165 | D:7      | Found a runed translucent gate.
 10166 | D:7      | Found a runed translucent gate.
 10555 | D:7      | Got a distressingly furry ring mail
 10566 | D:7      | Identified the +5 ring mail "Paungueh" {rPois Dex+4 Slay+5}
                  | (You found it on level 7 of the Dungeon)
 10632 | D:7      | Noticed Sassenached's ghost (novice DsWn)
 11083 | D:7      | Reached skill level 1 in Maces & Flails
 11083 | D:7      | Reached skill level 1 in Armour
 11464 | D:8      | Offered knowledge of Static Discharge by Vehumet.
 12001 | D:8      | Reached XP level 10. HP: 58/58 MP: 18/18
 12060 | D:8      | Reached *** piety under Vehumet
 12244 | D:8      | Noticed Psyche
 12249 | D:8      | Killed Psyche
 12249 | D:8      | Reached skill level 5 in Fighting
 12682 | D:8      | Noticed Joseph
 12760 | D:8      | Killed Joseph
 12771 | D:8      | Offered knowledge of Airstrike by Vehumet.
 12794 | D:8      | Learned a level 4 spell: Airstrike
 13028 | D:9      | Got a pair of jewelled gloves
 13039 | D:9      | Identified the +0 pair of gloves of Qeolyiss {rElec rC+
                  | Dex+3} (You found it on level 9 of the Dungeon)
 13129 | D:9      | Found Kolaisuu's Book Emporium.
 13167 | D:9      | Reached skill level 5 in Armour
 13170 | D:9      | Reached XP level 11. HP: 44/66 MP: 16/21
 13209 | D:9      | Found Ypom's Armour Shoppe.
 13232 | D:9      | Bought a +2 pair of boots for 214 gold pieces
 13249 | D:9      | Reached **** piety under Vehumet
 13270 | D:9      | Found a flagged portal.
 13283 | Bailey   | Entered a bailey
 13402 | Bailey   | Offered knowledge of Venom Bolt by Vehumet.
 13608 | Bailey   | Reached ***** piety under Vehumet
 13608 | Bailey   | Reached skill level 5 in Maces & Flails
 13622 | Bailey   | Offered knowledge of Bolt of Draining by Vehumet.
 13894 | Bailey   | Identified the ring "Nadesim" {MP+9 Str+3}
 13894 | Bailey   | Noticed an orc warlord
 13910 | Bailey   | Noticed an orc knight
 13920 | Bailey   | Killed an orc knight
 14025 | Bailey   | Noticed an orc knight
 14094 | D:9      | Found a staircase to the Lair.
 14137 | D:9      | Found Buth's Armour Emporium.
 14648 | D:9      | Noticed a two-headed ogre
 14658 | D:9      | Killed a two-headed ogre
 15359 | D:10     | Entered Level 10 of the Dungeon
 15794 | D:10     | Found a roughly hewn altar of Beogh.
 16418 | Lair:1   | Entered Level 1 of the Lair of Beasts
 16673 | Lair:1   | Noticed a six-headed hydra
 16708 | Lair:1   | Reached skill level 1 in Staves
 16724 | Lair:1   | Killed a six-headed hydra
 17111 | Lair:1   | Reached XP level 12. HP: 73/73 MP: 22/22
 18208 | Lair:1   | Reached skill level 10 in Conjurations
 19041 | Lair:2   | Reached skill level 10 in Fire Magic
 19129 | Lair:2   | Offered knowledge of Orb of Destruction by Vehumet.
 19320 | Lair:2   | Found a hole to the Spider Nest.
 19323 | Lair:2   | You fall into a shaft and drop 1 floor!
 19356 | Lair:3   | Noticed an eight-headed hydra
 19371 | Lair:2   | Killed an eight-headed hydra
 20201 | Lair:2   | Found a snail-covered altar of Cheibriados.
 20657 | Lair:3   | Learned a level 7 spell: Orb of Destruction
 20822 | Lair:3   | Noticed a catoblepas
 21260 | Lair:3   | Killed a catoblepas
 21491 | Lair:3   | Reached XP level 13. HP: 77/80 MP: 4/25
 22269 | Lair:4   | Found a staircase to the Shoals.
 23804 | Lair:4   | Found a runed translucent door.
 23804 | Lair:4   | Noticed Ink5's ghost (journeyman GnWz)
 24659 | Lair:5   | Found a viscous altar of Jiyva.
 24659 | Lair:5   | Found a staircase to the Slime Pits.
 24885 | Lair:5   | Reached skill level 10 in Fighting
 25549 | Lair:6   | Entered Level 6 of the Lair of Beasts
 26005 | Lair:6   | Offered knowledge of Lee's Rapid Deconstruction by Vehumet.
 26136 | Lair:6   | Gained mutation: Your large and strong wings let you fly
                  | indefinitely. [Gargoyle growth]
 26136 | Lair:6   | Reached XP level 14. HP: 88/88 MP: 6/26
 27014 | Lair:6   | Reached skill level 10 in Armour
 27464 | Lair:6   | Reached skill level 10 in Maces & Flails
 27661 | Lair:6   | Got a faintly glowing silver amulet
 27666 | Lair:6   | Identified the amulet of Mysticism {+Rage rPois rC- Str-2
                  | Int+4} (You found it on level 6 of the Lair of Beasts)
 27990 | D:11     | Found a basalt altar of Yredelemnul.
 28829 | D:11     | Offered knowledge of Iron Shot by Vehumet.
 28924 | D:11     | Learned a level 2 spell: Blink
 29478 | D:12     | Found a sparkling altar of Nemelex Xobeh.
 30256 | D:12     | Noticed Kirke
 30482 | D:12     | Reached XP level 15. HP: 95/95 MP: 27/27
 30496 | D:12     | Found a staircase to the Orcish Mines.
 30567 | D:12     | Found an iron altar of Okawaru.
 30567 | D:12     | Noticed an orc warlord
 30760 | D:12     | Noticed a sphinx
 30875 | D:11     | Killed Kirke
 31357 | D:12     | Identified the +6 trident "Dragonslayer" {antimagic, rElec
                  | Dex+5}
 31612 | D:12     | Got a faintly glowing leather armour
 31623 | D:12     | Identified the +1 leather armour "Beot" {rElec Str+5} (You
                  | found it on level 12 of the Dungeon)
 31651 | D:12     | Killed an orc warlord
 32067 | D:12     | Found a roughly hewn altar of Beogh.
 32151 | Orc:1    | Entered Level 1 of the Orcish Mines
 32438 | Orc:1    | Offered knowledge of Bolt of Fire by Vehumet.
 32680 | Orc:2    | Entered Level 2 of the Orcish Mines
 32704 | Orc:2    | Found a staircase to the Elven Halls.
 32783 | Orc:1    | Found a transporter.
 33132 | Orc:1    | Found a transporter.
 33138 | Orc:1    | Noticed Paschim's ghost (journeyman MiBe)
 33176 | Orc:1    | Reached ****** piety under Vehumet
 34772 | Orc:2    | Offered knowledge of Conjure Ball Lightning by Vehumet.
 34798 | Orc:2    | Noticed Snorg
 35016 | Orc:1    | Killed Snorg
 35274 | Orc:2    | Found a bloodstained altar of Trog.
 37057 | Orc:2    | Found Qiti's Assorted Antiques.
 37058 | Orc:2    | Found Ushiasmimo's General Store.
 37058 | Orc:2    | Found Zatel's Armour Shoppe.
 37059 | Orc:2    | Found Mougao's Armour Emporium.
 37066 | Orc:2    | Bought a potion of magic for 88 gold pieces
 37069 | Orc:2    | Bought a dog-eared papyrus book for 465 gold pieces
 37069 | Orc:2    | Bought a potion of resistance for 310 gold pieces
 37071 | Orc:2    | Bought the +5 cloak "Oxkel" {rPois} for 691 gold pieces
 37261 | D:13     | Noticed a tengu reaver
 37272 | D:13     | Killed a tengu reaver
 37342 | D:13     | Noticed Erolcha
 37359 | D:13     | Killed Erolcha
 37543 | D:13     | Reached XP level 16. HP: 101/101 MP: 8/29
 38853 | D:14     | Offered knowledge of Poison Arrow by Vehumet.
 38888 | D:14     | Reached skill level 10 in Spellcasting
 39068 | D:14     | Found a gate to the Vaults.
 39133 | D:14     | Identified a +1 pair of boots of running (You found it on
                  | level 14 of the Dungeon)
 39663 | D:15     | Entered Level 15 of the Dungeon
 39884 | D:15     | Noticed Nessos
 40037 | D:15     | Killed Nessos
 40208 | D:15     | Noticed Agnes
 40217 | D:15     | Killed Agnes
 40922 | D:15     | Found Sogrekh's Jewellery Boutique.
 40924 | D:15     | Found Iriecvod's Assorted Antiques.
 40925 | D:15     | Found Wel Caov's Food Boutique.
 40926 | D:15     | Found Uvin's Assorted Antiques.
 40942 | D:15     | Bought a scroll of fog for 54 gold pieces
 40942 | D:15     | Bought a scroll of blinking for 202 gold pieces
 40945 | D:15     | Bought a scroll labeled QORCHE CAAXKOA for 35 gold pieces
 40945 | D:15     | Bought a glowing scarf for 280 gold pieces
 41232 | D:15     | Found a staircase to the Depths.
 41474 | Spider:1 | Entered Level 1 of the Spider Nest
 42173 | Spider:2 | Offered knowledge of Shatter by Vehumet.
 42173 | Spider:2 | Offered knowledge of Chain Lightning by Vehumet.
 42173 | Spider:2 | Offered knowledge of Tornado by Vehumet.
 42679 | Spider:2 | Reached XP level 17. HP: 89/109 MP: 12/32
 43449 | Spider:1 | Noticed Asterion
 43450 | Spider:1 | Noticed an Executioner
 43480 | Spider:1 | Killed Asterion
 45957 | Spider:3 | Reached skill level 15 in Maces & Flails
 46169 | Spider:4 | Entered Level 4 of the Spider Nest
 46169 | Spider:4 | Noticed Louise
 46170 | Spider:4 | Noticed Arachne
 46988 | Spider:4 | Noticed Donald
 47223 | Spider:4 | Noticed Bai Suzhen
 47484 | Spider:4 | Killed Louise
 47581 | Spider:3 | Killed Bai Suzhen
 47581 | Spider:3 | Reached XP level 18. HP: 57/116 MP: 25/35
 47989 | Spider:4 | Killed Arachne
 48271 | Spider:4 | Killed Donald
 49801 | Spider:4 | Got a gossamer rune of Zot
 50029 | D:15     | Bought an uncursed ring of protection from magic for 375
                  | gold pieces
 50235 | Shoals:1 | Entered Level 1 of the Shoals
 51119 | Shoals:1 | Found a runed translucent door.
 51122 | Shoals:1 | Noticed qdestroyer's ghost (journeyman MiFi)
 51937 | Shoals:2 | Reached skill level 15 in Fighting
 53032 | Shoals:3 | Reached XP level 19. HP: 100/124 MP: 25/36
 53120 | Shoals:3 | Noticed Ilsuiw
 53130 | Shoals:3 | Killed Ilsuiw
 53563 | Shoals:3 | Noticed Polyphemus
 53570 | Shoals:3 | Killed Polyphemus
 54631 | Shoals:4 | Entered Level 4 of the Shoals
 55516 | Vaults:1 | Entered Level 1 of the Vaults
 55526 | Vaults:1 | Learned a level 8 spell: Ignition
 55994 | Vaults:1 | Found Coshesid's Weapon Boutique.
 56213 | Vaults:1 | Reached skill level 5 in Dodging
 56947 | Vaults:1 | Cast into level 2 of the Abyss (a deep elf sorcerer)
 56950 | Abyss:2  | Found a corrupted altar of Lugonu.
 57363 | Abyss:2  | Gained mutation: Armour fits poorly on your strangely
                  | shaped body. [a neqoxec]
 57364 | Abyss:2  | Gained mutation: You are clumsy. (Dex -2) [a neqoxec]
 57426 | Vaults:1 | Escaped the Abyss
 57610 | Vaults:1 | Reached XP level 20. HP: 104/131 MP: 8/37
 58566 | Vaults:1 | Found a runed translucent gate.
 58566 | Vaults:1 | Found a runed translucent gate.
 58566 | Vaults:1 | Found a runed translucent gate.
 58567 | Vaults:1 | Noticed hyesun's ghost (adept MfGl)
 58606 | Vaults:1 | Reached skill level 15 in Fire Magic
 59023 | Vaults:2 | Found a magical portal.
 59060 | WizLab   | Lost mutation: You are partially covered in slimy green
                  | scales. (AC +2) [potion of mutation]
 59060 | WizLab   | Lost mutation: Armour fits poorly on your strangely shaped
                  | body. [potion of mutation]
 59060 | WizLab   | Gained mutation: You tend to lose your temper in combat.
                  | [potion of mutation]
 59060 | WizLab   | Gained mutation: You evolve. [potion of mutation]
 59061 | WizLab   | Lost mutation: You tend to lose your temper in combat.
                  | [potion of mutation]
 59061 | WizLab   | Lost mutation: You evolve. [potion of mutation]
 59061 | WizLab   | Gained mutation: You can translocate small distances at
                  | will. [potion of mutation]
 59985 | WizLab   | Noticed Joitrooj
 60004 | WizLab   | Killed Joitrooj the Cloud Mage
 60197 | WizLab   | Identified the Catalogue of the Birds
 62544 | Vaults:2 | Paralysed by a sphinx for 5 turns
 62548 | Vaults:2 | Slain by an ettin

Levels and vault maps discovered:
D:1:      evilmike_arrival_hilbert_curve, layout_basic
D:2:      layout_rooms, grunt_gozag_statues, minmay_shallow_snake_nest
D:3:      layout_basic
D:4:      layout_basic, first_ration
D:5:      layout_rooms, temple_pool_b, evilmike_ruin_ashenzari, uniq_menkaure,
          uniq_prince_ribbit1
D:6:      layout_basic, due_unseen_surprise
D:7:      layout_cave_pools, gammafunk_ghost_icy
D:8:      minmay_razor_zed, layout_rooms, special_room [special_room_orc],
          supply_closet_lemuel, david_nohive_1, uniq_joseph, uniq_psyche
D:9:      layout_basic, due_lair_maze_entry_diamond, enter_bailey_3,
          serial_shops, shop, shop, shop
D:10:     layout_loops_ring, special_room [special_room_orc],
          chequers_serial_rivers_micro_e
D:11:     layout_roguey, basic_altar
D:12:     evilmike_iron_armoury, layout_loops_ring, orc_0_dummy, basic_altar,
          special_room [special_room_orc], hangedman_weighted_door, uniq_kirke
D:13:     kennysheep_scales, layout_rooms, uniq_erolcha
D:14:     layout_long_grid, david_vaults_5, fountainhead, kennysheep_diamond
D:15:     grunt_enter_depths_magical_seal, layout_long_grid,
          minmay_shop_grid_forest, skrybe_limestone_x, uniq_nessos, uniq_agnes
Temple:   kilobyte_greek_temple
Lair:1:   layout_regular_city, lemuel_fruit_tree
Lair:2:   layout_gridlike, nicolae_spider_entry_orb_guardian,
          kennysheep_snail_temple
Lair:3:   layout_roguey, infiniplex_staircase_pool
Lair:4:   layout_hall_layers, elwin_shoals_entry_stream,
          ebering_ghost_inner_flame, serial_bayou_pond_a
Lair:5:   layout_gridlike, slime_altar_1, minivault_23
Lair:6:   evilmike_catoblepas_cave, layout_misc_corridors, grunt_megastairs_2
Shoals:1: layout_shoals, ebering_ghost_inner_flame, nicolae_shoals_so_close
Shoals:2: layout_shoals, nicolae_shoals_arrival_archipelago
Shoals:3: layout_shoals, nicolae_shoals_hunting_party, uniq_polyphemus,
          uniq_ilsuiw
Shoals:4: shoals_end_grunt_garden, layout_shoals, ebering_ghost_inner_flame
Spider:1: layout_spider_delve, uniq_asterion
Spider:2: layout_spider_delve, nicolae_spider_nook
Spider:3: layout_chambers, nicolae_spider_ant_collections
Spider:4: guppyfry_spider_rune, drop_trap, nicolae_orb_island, uniq_bai_suzhen,
          uniq_arachne, uniq_donald, uniq_louise
Orc:1:    layout_caves, gammafunk_ghost_arena
Orc:2:    st_orc_pillars, layout_caves, bloody_trog, uniq_snorg
Vaults:1: gammafunk_vaults_ghost_spectres, vaults_standard_mumra_x,
          vaults_dpeg_hooks, ontoclasm_vaults_gateway, ontoclasm_vaults_tryst,
          vaults_room_ringed_pool, ontoclasm_vaults_hangar,
          hangedman_vaults_hat, v_misc_4, vaults_mumra_minichess_inversion,
          nicolae_vaults_diagonal_hallway_8, ontoclasm_vaults_pinch,
          nicolae_vaults_shelves_hall, layout_vaults_omnicross, serial_shops,
          shop
Vaults:2: nicolae_vaults_little_squares_3, vaults_dpeg_doors,
          hangedman_vaults_stitches, nicolae_vaults_gold_heap,
          hangedman_vaults_stagger, nicolae_vaults_diagonal_hallway_7,
          serial_ice_b, vaults_room_fours, layout_vaults_chaotic_city,
          lightli_enter_wizlab_magi_temple
Vaults:3: ontoclasm_vaults_shuriken, v_misc_32, nicolae_vaults_rhombus_5,
          v_misc_24, vaults_room_pool, nicolae_vaults_alarming,
          minmay_crypt_entry_simple_corners, vaults_room_pool,
          layout_vaults_quadrants, serial_glass

Skill      XL: |  1  2  3  4  5  6  7  8  9 10 11 12 13 14 15 16 17 18 19 20 |
---------------+-------------------------------------------------------------+-----
Conjurations   | 2 3 4 6 7 8 9 10 11 12 13 14 | 14.7
Fire Magic     | 4 5 6 7 8 9 10 11 12 13 14 16 | 16.1
Spellcasting   | 3 4 5 6 7 8 9 11 13 14 | 14.0
Fighting       | 1 2 4 6 8 9 10 11 12 13 14 15 16 | 16.7
Shields        | 3 4 |  4.0
Maces & Flails | 1 4 5 6 8 10 12 14 15 | 15.8
Armour         | 2 5 6 8 9 10 11 12 | 12.0
Staves         | 1 4 |  4.1
Dodging        | 3 5 7 |  7.3
Stealth        | |  2.1

Action                   |  1- 3 |  4- 6 |  7- 9 | 10-12 | 13-15 | 16-18 | 19-21 || total
-------------------------+-------+-------+-------+-------+-------+-------+-------++-------
Melee: Dagger            |    10 |     1 |       |       |       |       |       ||    11
       Unarmed           |     5 |       |       |       |    12 |       |       ||    17
       Falchion          |       |     3 |       |       |       |       |       ||     3
       Short sword       |       |    12 |    17 |       |       |       |       ||    29
       Kick              |       |     2 |    25 |    39 |       |       |       ||    66
       Whip              |       |       |    96 |       |   423 |   557 |       ||  1076
       Morningstar       |       |       |    16 |   296 |   621 |   601 |   885 ||  2419
       Staff             |       |       |       |   391 |       |       |       ||   391
 Cast: Flame Tongue      |    37 |    62 |   102 |    69 |    75 |    57 |    19 ||   421
       Throw Flame       |    20 |    44 |    72 |    61 |   120 |   120 |    17 ||   454
       Conjure Flame     |       |     1 |     1 |     3 |    14 |     3 |     2 ||    24
       Sticky Flame      |       |       |    19 |    56 |   103 |   140 |    80 ||   398
       Fireball          |       |       |    11 |    48 |   159 |   204 |   153 ||   575
       Magic Dart        |       |       |     3 |    14 |       |       |       ||    17
       Sandblast         |       |       |       |    31 |       |       |       ||    31
       Orb of Destructio |       |       |       |       |     5 |    34 |    37 ||    76
       Blink             |       |       |       |       |       |     3 |     1 ||     4
       Ignition          |       |       |       |       |       |       |     8 ||     8
 Abil: Fly               |       |       |       |       |     1 |       |       ||     1
Evoke: Wand              |       |       |       |       |     1 |       |       ||     1
  Use: Scroll            |       |     5 |     6 |    15 |     7 |     4 |    11 ||    48
       Potion            |       |     3 |     3 |     1 |       |     2 |     7 ||    16
 Stab: Sleeping          |       |       |       |     1 |       |     1 |       ||     2
       Distracted        |       |       |       |       |     2 |       |       ||     2
       Petrifying        |       |       |       |       |     1 |       |       ||     1
  Eat: Chunk             |     6 |    10 |    22 |    32 |    72 |    43 |    44 ||   229
       Ration            |       |       |     3 |     5 |     7 |    14 |     6 ||    35
Armor: Robe              |     6 |    24 |    45 |       |       |       |       ||    75
       Ring mail         |       |       |    88 |   554 |   561 |  1206 |   548 ||  2957
Dodge: Dodged            |    24 |    43 |   119 |   473 |   469 |   701 |   530 ||  2359
Block: Buckler           |       |       |    41 |   367 |   408 |   625 |   353 ||  1794
       Rpst.: Falchion   |       |     1 |       |       |       |       |       ||     1
